 Dungeon Crawl Stone Soup version 0.28-a0-1629-gf728b707aa (webtiles) character file.

Game seed: 15410648571558884668

21 HallandMoats the Skirmisher (level 2, 26/26 HPs)
             Began as a Ghoul Fighter on Jan 24, 2022.
             Was a Follower of Sif Muna.
             Safely got out of the dungeon.
             The game lasted 00:01:11 (1252 turns).

HallandMoats the Skirmisher (Ghoul Fighter)         Turns: 1252, Time: 00:01:11

Health: 26/26      AC:  7    Str: 19    XL:     2   Next: 87%
Magic:  1/1        EV:  9    Int:  3    God:    Sif Muna [*.....]
Gold:   30         SH:  4    Dex:  8    Spells: 1/1 levels left

rFire   . . .      SeeInvis .   a - +0 rapier
rCold   + . .      Faith    .   c - +0 buckler
rNeg    + + +      Spirit   .   b - +0 scale mail
rPois   ∞          Reflect  .   (no helmet)
rElec   .          Harm     .   (no cloak)
rCorr   .          Rampage  .   f - +0 pair of gloves
Will    .....                   (no boots)
Stlth   ..........              (no amulet)
HPRegen 0.08/turn               (no ring)
MPRegen 0.07/turn               (no ring)

@: no status effects
A: claws 1, cold resistance 1, negative energy resistance 3, inhibited
regeneration, torment resistance 2
a: Renounce Religion, Channel Magic


You escaped.
You worshipped Sif Muna.
Sif Muna was aware of your devotion.
You visited 1 branch of the dungeon, and saw 2 of its levels.

You collected 30 gold pieces.

Inventory:

Hand Weapons
 a - a +0 rapier (weapon)
Armour
 b - a +0 scale mail (worn)
 c - a +0 buckler (worn)
 f - a +0 pair of gloves (worn)
Scrolls
 g - a scroll of magic mapping {unknown}
 h - a scroll of fog {unknown}
 i - a scroll of fear {unknown}
Potions
 d - 3 potions of might
 e - a potion of attraction {unknown}


   Skills:
 + Level 3.5 Fighting
 * Level 2.2 Short Blades
 + Level 2.9 Armour
 + Level 0.4 Dodging
 + Level 2.8 Shields


You had one spell level left.
You didn't know any spells.
Your spell library was empty.

Dungeon Overview and Level Annotations

Branches:
Dungeon (2/15)

Altars:
Sif Muna


Innate Abilities, Weirdness & Mutations

You thrive by killing the living.
You are immune to poison.
You have sharp fingernails.
Your flesh is cold resistant. (rC+)
You are immune to negative energy. (rN+++)
You do not regenerate when monsters are visible.
You are immune to unholy pain and torment.


Message History

No target in view!
No target in view!
No target in view!
No target in view!
No target in view!
No target in view!
No target in view!
No target in view!
No target in view!
No target in view!
No target in view!
No target in view!
No target in view!
No target in view!
No target in view!
No target in view!
HP restored.
Things that are here:
a +0 club; a stone
Found a stone staircase leading down.
Found a mace.
Found a faded altar of an unknown god.
i - a scroll labelled OBLEEQ NUHO Search for what [Enter for "altar", or ? for help]? altar
There is a faded altar of an unknown god here.
You see here a -3 mace.
You cannot tell which god this altar belongs to.
Convert to them anyway?
Sif Muna accepts your prayer! Sif Muna welcomes you!
You can now call upon Sif Muna for magical energy.
(D) Dungeon
Where to? (Enter - D:2 @ (x,y), ? - help)
What level of the Dungeon? (default 1, ? - help)
Found 12 gold pieces.
You see here a bat corpse.
There is a stone staircase leading up here.
You climb upwards.
There is a stone staircase leading down here.
There is a staircase leading out of the dungeon here.
Are you sure you want to leave the Dungeon?
This will make you lose the game!
You have escaped!

##.#....#...# #.# #...
#...........# #.# #...
##.#.####..######.### #...
#...................########
##.#.####.###########...####
#.### #.######..##.###.##.
#.######.#..##.#.#.###.####
#........#.(..##.#..##.##..
########.#@.#####..#.#....#
#.#....###.##.#.####
#.#..##...##.###....
#.################## #.# #.#
#..(..... #.# #.####.#.#####
#.# #............. #######
#.# #.####.#.##### #.....#
#.# #.# #.#.#...#


There were no monsters in sight!

Vanquished Creatures
  4 bats
  4 endoplasms
  A giant cockroach (D:1)
  3 hobgoblins (D:1)
  3 ball pythons (D:1)
  A frilled lizard (D:1)
  2 kobolds
18 creatures vanquished.

Notes
Turn   | Place    | Note
-------+----------+-------------------------------------------
     0 | D:1      | HallandMoats the Ghoul Fighter began the quest for the Orb.
     0 | D:1      | Reached XP level 1. HP: 19/19 MP: 0/0
   485 | D:1      | Reached XP level 2. HP: 26/26 MP: 1/1
  1167 | D:2      | Found a faded altar of an unknown god.
  1184 | D:2      | Prayed at the altar of an unknown god.
  1184 | D:2      | Became a worshipper of Sif Muna the Loreminder
  1184 | D:2      | Reached * piety under Sif Muna
  1252 | D:$      | Safely got out of the dungeon.

Illustrated notes

Levels and vault maps discovered:
D:1:      dpeg_arrival_signposts, layout_basic
D:2:      layout_loops_ring, ebering_ecumenical_altar_rust,
          minmay_indecisive_spiral

Skill      XL: |  1 |
---------------+----+-----
Short Blades   | 2 |  2.2
Fighting       | |  3.5
Armour         | |  2.9
Dodging        | |  0.4
Shields        | |  2.8

Action                   || total
-------------------------++-------
Melee: Rapier            ||    57
Armor: Scale mail        ||    30
Dodge: Dodged            ||    27
Block: Buckler           ||    11

Table legend: (Time is in decaauts)
 A = Elapsed time spent in this place.
 B = Non-inter-level travel time spent in this place.
 C = Inter-level travel time spent in this place.
 D = Time resting spent in this place.
 E = Time spent auto-exploring this place.
 F = Levels seen in this place.
 G = Mean time per level.
                   A        B        C        D        E       F      G
               +--------+--------+--------+--------+--------+-----+--------+
         Total |   1260 |   1124 |    136 |      0 |    983 |   2 |  630.0 |
       Dungeon |   1260 |   1124 |    136 |      0 |    983 |   2 |  630.0 |
               +--------+--------+--------+--------+--------+-----+--------+

Top non-repeatable levels by time:
     D:1: 1115 daAuts
     D:2: 145 daAuts
